cohdb
Replays
Latest Replays
All Replays
Popular Replays
Top Player Replays
Match Explorer
How It Works
Community
CoH3 Stats
Reddit
Sign in to upload your games and track your stats! →
Sign in with Steam
Match 45503087
Unlisted
Match 45503087
Overview
Messages
Build Orders
End
Construct Infanterie Kompanie
Grenadier Squad
Selects Mechanized Battlegroup
MG 42 Machine Gun Team
Grenadier Squad
Grenadier Squad
Medical Station
Construct Luftwaffe Kompanie
Support Elements
Jäger Squad
Selects Spotting Scopes
Selects Stoßtruppen Assault Package
Wirbelwind Flakpanzer
Construct Panzer Kompanie
Stoßtruppen Squad
Selects Zeroing Artillery Barrage
Selects Raid Package
Construct Panzergrenadier Kompanie
Zeroing Artillery Barrage
Panzer IV Medium Tank
Selects 8 Rad Armored Car
Selects UNKNOWN (2160084)
Selects 8 Rad Armored Car
Panzer Officer Quarters
VcsGrez
HappyPunch
INF22REGT
polo2B
Ursa Major
Nap
0
0
Comments
sign in to comment!
No comments posted yet!